 Dungeon Crawl Stone Soup version 0.20-a0 (webtiles) character file.

716 varam the Basher (level 7, -2/41 HPs)
             Began as a Gargoyle Fighter on Oct 27, 2016.
             Killed from afar by an orc wizard (12 damage)
             ... with a puff of flame
             ... on level 6 of the Dungeon.
             The game lasted 00:04:49 (3946 turns).

varam the Basher (Gargoyle Fighter)                 Turns: 3946, Time: 00:04:50

Health: -2/41      AC: 15    Str: 20    XL:     7   Next: 69%
Magic:  7/7        EV:  7    Int:  7    God:
Gold:   208        SH:  9    Dex: 14    Spells: 0 memorised, 6 levels left

rFire  x . .     SeeInvis .     I - +0 mace of the Silent Majority {crush, +Blink MR+ Int-2 Dex+4} (curse)
rCold  + . .     Gourm    .     b - +0 scale mail
rNeg   + . .     Faith    .     c - +0 shield
rPois  ∞         Spirit   .     D - +0 helmet
rElec  +         Reflect  .     (no cloak)
rCorr  .         Harm     .     h - +2 pair of gloves
MR     +....                    (no boots)
Stlth  ..........               F - amulet of magic regeneration
                                A - +2 ring of slaying
                                m - ring of ice

@: no status effects
A: negative energy resistance 1, electricity resistance, unbreathing,
petrification resistance, rot immunity, AC +4
a: Evoke Blink


You were on level 6 of the Dungeon.
You were hungry.

You visited 1 branch of the dungeon, and saw 6 of its levels.

You collected 208 gold pieces.

Inventory:

Hand Weapons
 I - the cursed +0 mace of the Silent Majority (weapon) {crush, +Blink MR+ Int-2 Dex+4}
   (You found it on level 5 of the Dungeon)

   It inflicts extra damage upon your enemies.
   It affects your intelligence (-2).
   It affects your dexterity (+4).
   It affects your resistance to hostile enchantments.
   It lets you blink.
   It has a curse placed upon it.
Missiles
 z - 20 tomahawks (quivered)
Armour
 b - a +0 scale mail (worn)
 c - a +0 shield (worn)
 h - a +2 pair of gloves (worn)
 D - a +0 helmet (worn)
Jewellery
 m - a ring of ice (left hand)
 A - a +2 ring of slaying (right hand)
 F - an amulet of magic regeneration (around neck)
Wands
 E - a wand of paralysis (1/24)
Scrolls
 a - a scroll of random uselessness {unknown}
 e - a scroll of immolation {unknown}
 i - a scroll of enchant weapon {unknown}
 j - 4 scrolls of remove curse {unknown}
 k - a scroll of fog {unknown}
 n - a scroll of teleportation {unknown}
 o - 2 scrolls of noise {unknown}
 w - a scroll of fear {unknown}
 y - 3 scrolls of identify {unknown}
Potions
 d - a potion of might
 g - 4 potions of brilliance {unknown}
 l - 3 potions of flight {unknown}
 q - 2 potions of resistance {unknown}
 r - 3 potions of curing {unknown}
 t - 2 potions of mutation {unknown}
 u - a potion of degeneration {unknown}
 x - a potion of agility {unknown}
 B - a potion of magic {unknown}
 J - a potion of heal wounds {unknown}
Books
 G - a book of Minor Magic

   Spells                             Type                      Level
   a - Magic Dart                     Conjuration                  1
   b - Blink                          Translocation                2
   c - Call Imp                       Summoning                    2
   d - Repel Missiles                 Charms/Air                   2
   e - Slow                           Hexes                        2
   f - Conjure Flame                  Conjuration/Fire             3
   g - Mephitic Cloud                 Conjuration/Poison/Air       3
Comestibles
 f - 4 bread rations
 p - a beef jerky
 s - 3 fruits
 v - 4 meat rations
 C - 3 chunks of flesh
 H - a royal jelly


   Skills:
 - Level 3.2 Fighting
 + Level 8.5 Maces & Flails
 - Level 3.2 Armour
 - Level 3.2 Shields


You had 6 spell levels left.
You didn't know any spells.

Dungeon Overview and Level Annotations

Branches:
Dungeon (6/15)             Temple (0/1) D:5

Altars:
Ashenzari
Gozag

Shops:
D:4 }


Innate Abilities, Weirdness & Mutations

You are resistant to torment.
Your stone body is resilient. (AC +4)
You are immune to poison.
You resist negative energy. (rN+)
You are resistant to electric shocks. (rElec)
You can survive without breathing.
You are immune to petrification.
You are immune to rotting.


Message History

The orc warrior barely misses you.
A sky beast comes into view.
You sock the orc warrior!
The orc warrior is almost dead.
An ogre and a crimson imp come into view.
The orc completely misses you. Something hits you but does no damage.
The orc warrior hits you but does no damage.
The crimson imp blinks!
The sky beast flickers out of sight!
You sock the orc warrior!
You kill the orc warrior!
Something hits you but does no damage.
The orc hits you from afar with a trident.
* * * LOW HITPOINT WARNING * * *
The orc priest looks satisfied for a moment.
The crimson imp blinks!
You block something's attack.
You miss something.
You hear some strange, mumbled words.
A puff of flame appears from out of thin air!
The puff of flame hits you! The fire burns you terribly!
You die...

######## #....+##
#.....#.
#####..≈....
#......≈P...
#......P..⌠.
#........... #####
#.hO........
#...#####o.....>...#
#..@##..oor.......#≈
#....Z)##oo.......≈≈
#....####........;≈#
#..... ..........≈##
#..)############.≈#
#...# .≈# #...# .≈#
#...# # ####


You could see a centaur zombie.

Vanquished Creatures
  An orc warrior (D:6)
  An ice beast (D:5)
  A bullfrog (D:6)
  2 crimson imps
  A bullfrog zombie (D:5)
  A jelly (D:6)
  A bullfrog skeleton (D:6)
  2 orc wizards
  A worker ant (D:4)
  7 gnolls
  5 adders
  An ooze (D:4)
  5 worms
  3 dart slugs
  4 leopard geckos
  12 orcs
  A ball python (D:5)
  4 giant cockroaches
  6 goblins
  7 hobgoblins
  2 jackals (D:5)
  8 kobolds
  A quokka (D:2)
  11 bats
  8 frilled lizards
  5 rats
101 creatures vanquished.

Notes
Turn   | Place    | Note
-------+----------+-------------------------------------------
     0 | D:1      | varam the Gargoyle Fighter began the quest for the Orb.
     0 | D:1      | Reached XP level 1. HP: 14/14 MP: 1/1
   341 | D:1      | Reached XP level 2. HP: 19/19 MP: 2/2
   589 | D:1      | Reached skill level 3 in Maces & Flails
   934 | D:2      | Reached XP level 3. HP: 21/23 MP: 3/3
  1043 | D:2      | Reached skill level 4 in Maces & Flails
  1110 | D:2      | Reached XP level 4. HP: 18/28 MP: 4/4
  1549 | D:2      | Found an opulent altar of Gozag.
  1549 | D:2      | Found a faded altar of an unknown god.
  1554 | D:2      | Found a faded altar of an unknown god.
  1556 | D:2      | Found a shattered altar of Ashenzari.
  1557 | D:2      | Found a faded altar of an unknown god.
  1716 | D:3      | Reached skill level 5 in Maces & Flails
  1716 | D:3      | Reached XP level 5. HP: 27/32 MP: 5/5
  2556 | D:4      | Found Voholulu's Gadget Emporium.
  2850 | D:4      | Reached skill level 6 in Maces & Flails
  2850 | D:4      | Reached XP level 6. HP: 35/37 MP: 6/6
  3200 | D:5      | Entered Level 5 of the Dungeon
  3264 | D:5      | Noticed an ice beast
  3277 | D:5      | Killed an ice beast
  3609 | D:5      | Found a staircase to the Ecumenical Temple.
  3724 | D:5      | Reached skill level 7 in Maces & Flails
  3747 | D:5      | Got a crude mace
  3748 | D:5      | Identified the cursed +0 mace of the Silent Majority {crush, +Blink MR+ Int-2 Dex+4} (You found it on level 5 of the Dungeon)
  3830 | D:6      | Reached XP level 7. HP: 41/41 MP: 7/7
  3924 | D:6      | Reached skill level 8 in Maces & Flails
  3946 | D:6      | Killed from afar by an orc wizard

Vault maps used:
D:1:      dpeg_arrival_simpleton_b
D:2:      chequers_temple_overflow_minitemple, amethyst_killhole
D:4:      serial_shops, shop, serial_glass, glass_columns_a, glass_columns_c
D:5:      first_bread, serial_glass, glass_columns_a, glass_columns_b,
          glass_columns_a, glass_columns_c, glass_columns_a, glass_columns_a,
          glass_columns_b, glass_columns_b
D:6:      tso_oasis_becter, basic_altar, minivault_11, water_maze_lemuel

Skill      XL: |  1  2  3  4  5  6  7 |
---------------+----------------------+-----
Maces & Flails | 3 4 5 6 7 8 |  8.5
Fighting       | |  3.2
Armour         | |  3.2
Shields        | |  3.2

Action                   |  1- 3 |  4- 6 |  7- 9 || total
-------------------------+-------+-------+-------++-------
Melee: Flail             |   132 |   248 |       ||   380
       Mace              |       |     7 |    55 ||    62
  Eat: Chunk             |     1 |     9 |       ||    10
Armor: Scale mail        |    91 |   132 |    34 ||   257
Dodge: Dodged            |    51 |    81 |    19 ||   151
Block: Shield            |    72 |   117 |    31 ||   220
